 Dungeon Crawl Stone Soup version 0.27-b1-42-g19c61b19a5 (webtiles) character file.

Game seed: 16880992118344416776

184 mhtbhm the Chopper (level 5, 0/69 HPs)
             Began as a Minotaur Fighter on July 30, 2021.
             Slain by Eustachio (2 damage)
             ... on level 4 of the Dungeon.
             The game lasted 00:03:37 (3006 turns).

mhtbhm the Chopper (Minotaur Fighter)               Turns: 3006, Time: 00:03:38

Health: 0/69       AC: 22    Str: 21    XL:     5   Next: 36%
Magic:  13/13      EV:  2    Int:  5    God:
Gold:   70         SH: 10    Dex: 10    Spells: 4/4 levels left

rFire    . . .     SeeInvis .   a - +0 war axe
rCold    . . .     Faith    .   c - +1 kite shield
rNeg     + + +     Spirit   .   (armour currently unavailable)
rPois    +         Reflect  .   (helmet currently unavailable)
rElec    .         Harm     .   (cloak currently unavailable)
rCorr    .         Rampage  .   (gloves currently unavailable)
Will     .....     NoTele   +   (boots currently unavailable)
Stlth    ..........             (no amulet)
HPRegen  0.21/turn              k - ring of magical power
MPRegen  0.13/turn              o - +4 ring of evasion

@: mighty, brilliant, tree-form, silenced
A: stationary, stasis, torment immunity, boosted hp, (horns 2), (retaliatory
headbutt)
a: no special abilities


You were on level 4 of the Dungeon.
You were a tree.
You visited 1 branch of the dungeon, and saw 4 of its levels.

You collected 70 gold pieces.

Inventory:

Hand Weapons
 a - a +0 war axe (weapon)
Armour
 b - a +0 scale mail (melded)
 c - a +1 kite shield (worn)
 p - a +0 pair of gloves (melded)
Jewellery
 k - a ring of magical power (left branch)
 o - a +4 ring of evasion (right branch)
Scrolls
 e - a scroll of enchant weapon
 g - a scroll of magic mapping
 n - a scroll of noise {unknown}


   Skills:
 + Level 4.1 Fighting
 + Level 4.9 Axes
 + Level 4.4 Armour
 + Level 0.8 Dodging
 + Level 0.4 Stealth
 + Level 4.7 Shields


You had 4 spell levels left.
You didn't know any spells.
Your spell library contained the following spells:

 Spells                   Type           Power      Damage    Failure   Level
 Blink                    Tloc           N/A        N/A       97%         2
 Dazzling Flash           Conj/Hex       0%         N/A       99%         3
 Frozen Ramparts          Ice            0%         1d2       99%         3
 Lesser Beckoning         Tloc           0%         N/A       99%         3
 Ice Form                 Ice/Tmut       0%         N/A       100%        4
 Summon Ice Beast         Ice/Summ       0%         N/A       100%        4
 Agony                    Necr           0%         N/A       100%        5
 Manifold Assault         Tloc           0%         N/A       100%        5
 Silence                  Hex/Air        0%         N/A       100%        5
 Storm Form               Tmut/Air       0%         N/A       100%        7


Dungeon Overview and Level Annotations

Branches:
Dungeon (4/15)
 Temple: D:4-7

Altars:

Annotations:
D:4 Eustachio


Innate Abilities, Weirdness & Mutations

You are a tree.
Your roots penetrate the ground, keeping you stationary.
You cannot be teleported.
You are immune to unholy pain and torment.
Your maximum health is greatly increased.
Your equipment is partially melded.
((You have a pair of horns on your head.))
((You reflexively headbutt those who attack you in melee.))


Message History

You closely miss Eustachio.
Eustachio is heavily wounded.
You barely miss the bat. You slash the rat!
You kill the rat!
The rat's corpse disappears in a puff of smoke!
You block the bat's attack.
The crimson imp blinks!
Eustachio mumbles some strange words.
Eustachio blinks!
Unknown command.
Okay, then.
As you read the scroll labelled KAONAA YGROFI, it crumbles to dust.
It is a scroll of enchant armour.
Your +0 kite shield glows green for a moment.
The bat hits you but does no damage. x2; The crimson imp blinks!
Okay, then.
You slash the river rat!
You kill the river rat!
The river rat's corpse disappears in a puff of smoke!
You barely miss the bat. The bat hits you but does no damage. x2
Unknown command.
This is a scroll of acquirement!
You see here a manual of Fighting.
Something appears at your feet!
The crimson imp disappears in a puff of smoke!
You block the bat's attack.
As you read the scroll labelled WEARAO MUBB, it crumbles to dust.
A profound silence engulfs you.
It was a scroll of silence.
You feel less wooden.
Your +0 pair of gloves unmelds from your body.
Your +0 scale mail unmelds from your body.
The bat hits you but does no damage.
The crimson imp blinks!
Okay, then.
Really quaff the potion of lignification?
You turn into a tree.
Your +0 pair of gloves melds into your body.
Your +0 scale mail melds into your body.
Your roots penetrate the ground.
The bat hits you but does no damage. The bat hits you.
* * * LOW HITPOINT WARNING * * *
The crimson imp blinks!
Eustachio hits you with a +0 rapier.
You die...

... #. .. ..
..#.## # .#..#
.#. . §... ...
.. #..###.#..
... #.@.......
.... #§♣).#..#
.....#b...#..##
......5.#......
....#.#.#....#.
... #.#.#.#.##
## #.#.<.#.#
#...### # #..##
#..


You could see Eustachio, a crimson imp (summoned) and a bat (summoned).

Vanquished Creatures
  An ogre (D:3)
  2 adders
  A worm (D:3)
  A dart slug (D:1)
  3 orcs (D:3)
  3 ball pythons (D:1)
  5 bats
  11 endoplasms
  2 giant cockroaches (D:1)
  7 goblins
  8 hobgoblins
  2 jackals (D:1)
  5 quokkas
  3 frilled lizards
  5 kobolds
  8 rats
67 creatures vanquished.

Vanquished Creatures (others)
  5 plants (D:1)
5 creatures vanquished.

Grand Total: 72 creatures vanquished

Notes
Turn   | Place    | Note
-------+----------+-------------------------------------------
     0 | D:1      | mhtbhm the Minotaur Fighter began the quest for the Orb.
     0 | D:1      | Reached XP level 1. HP: 19/19 MP: 0/0
   271 | D:1      | Reached XP level 2. HP: 26/27 MP: 1/1
   617 | D:1      | Reached XP level 3. HP: 27/33 MP: 2/2
   755 | D:1      | Found a faded altar of an unknown god.
  2257 | D:3      | Reached XP level 4. HP: 36/40 MP: 3/3
  2755 | D:3      | Noticed an ogre
  2762 | D:3      | Killed an ogre
  2763 | D:3      | Reached XP level 5. HP: 46/46 MP: 4/4
  2970 | D:4      | Noticed Eustachio
  2996 | D:4      | HP: 3/69 [Eustachio/puff of flame (5)]
  2998 | D:4      | HP: 1/69 [Eustachio (3)]
  3004 | D:4      | Identified a scroll of acquirement
  3004 | D:4      | Acquired a manual of Fighting
  3006 | D:4      | HP: 2/69 [bat[Eustachio] (1)]
  3006 | D:4      | Slain by Eustachio

Illustrated notes

Levels and vault maps discovered:
D:1:      minmay_arrival_split_and_join, layout_rooms,
          shapermc_ecumenical_altar_hornbeckon
D:2:      layout_loops_ring
D:3:      layout_basic, minmay_fractal_squares_5
D:4:      layout_rooms, minmay_door_square, minivault_19, uniq_eustachio

Skill      XL: |  1  2  3  4 |
---------------+-------------+-----
Shields        | 4 |  4.7
Armour         | 4 |  4.4
Axes           | 3 4 |  4.9
Fighting       | 4 |  4.1
Dodging        | |  0.8
Stealth        | |  0.4

Action                   |  1- 3 |  4- 6 || total
-------------------------+-------+-------++-------
Melee: War axe           |   100 |    59 ||   159
       Headbutt          |    10 |     7 ||    17
  Use: Scroll            |     2 |     4 ||     6
       Potion            |       |     5 ||     5
Armor: Scale mail        |    60 |    15 ||    75
       Skin              |       |    43 ||    43
Dodge: Dodged            |    33 |    20 ||    53
Block: Kite shield       |    51 |    55 ||   106
